 Dungeon Sprint DCSS version 0.29.1-14-g9c671dbff4 (webtiles) character file.

Game seed: 11115945724393431669

40 Groucho the Ducker (level 3, -3/18 HPs)
             Began as a Felid Fighter on Feb 12, 2023.
             Was an Elder of Uskayaw.
             Slain by a gnoll sergeant
             ... wielding a +0 spear
              (13 damage)
             ... in the Dungeon (Sprint VII: "The Pits").
             The game lasted 00:01:32 (470 turns).

Groucho the Ducker (Felid Fighter)                   Turns: 470, Time: 00:01:34

Health: -3/18      AC:  1    Str: 14    XL:     3   Next: 30%
Magic:  5/5        EV: 19    Int:  9    God:    Uskayaw [****..]
Gold:   0          SH:  0    Dex: 15    Spells: 2/2 levels left
                                        Lives:  0   Deaths: 0

rFire   . . .      SeeInvis +     - Unarmed
rCold   . . .      Faith    .   (shield unavailable)
rNeg    . . .      Spirit   .   (body armour unavailable)
rPois   .          Reflect  .   (helmet unavailable)
rElec   .          Harm     .   (cloak unavailable)
rCorr   .          Rampage  .   (gloves unavailable)
Will    .....      NoTele   +   (boots unavailable)
Stlth   +++.......              (no amulet)
HPRegen 0.06/turn               (no ring)
MPRegen 0.09/turn               (no ring)

@: invisible, quick
A: very small, claws 1, fangs 3, see invisible, speed 1, shaggy fur 1, stealthy
paws, no weapons or thrown items, no armour, multi-lived
a: Renounce Religion, Stomp, Line Pass


You were in the Dungeon.
You worshipped Uskayaw.
Uskayaw was noncommittal.
You visited 1 branch

Inventory:

Scrolls
 g - a scroll of blinking
 i - 5 scrolls of amnesia
 j - a scroll of summoning
Potions
 a - a potion of might
 d - a potion of haste
 e - 4 potions of magic
 f - 3 potions of berserk rage
 h - a potion of invisibility


   Skills:
 + Level 4.1 Fighting
 + Level 5.5 Dodging
 + Level 3.9 Stealth
 + Level 4.9 Unarmed Combat
 + Level 2.6 Invocations


You had 2 spell levels left.
You didn't know any spells.
Your spell library was empty.

Dungeon Overview and Level Annotations

Branches:
Dungeon (1/1)

Altars:
Ashenzari
Cheibriados
Dithmenos
Elyvilon
Fedhas
Gozag
Hepliaklqana
Kikubaaqudgha
Makhleb
Nemelex Xobeh
Okawaru
Qazlal
Ru
Sif Muna
Trog
Uskayaw
Vehumet
Wu Jian
Xom
Yredelemnul
Zin
The Shining One
Jiyva
Lugonu


Innate Abilities, Weirdness & Mutations

You have sharp claws.
You have razor-sharp teeth.
You have supernaturally acute eyesight. (SInv)
You cover ground quickly. (Speed+)
You are covered in fur. (AC +1)
Your paws help you pounce on unaware monsters.
You are incapable of wielding weapons or throwing items.
You cannot wear armour.
You gain extra lives every three experience levels.


Message History

The gnoll misses you.
You scratch the gnoll. You claw the gnoll!
The gnoll is severely wounded.
The gnoll is no longer sharing its pain.
You claw the gnoll!
You kill the gnoll!
You can now merge with and destroy a victim.
Unknown command.
Unknown command.
You see here a +0 spear.
There is an open door here.
You can no longer merge with and destroy a victim.
You see here a +0 spear.
The gnoll sergeant hits you from afar with a +0 spear!
Ouch! That really hurt!
* * * LOW HITPOINT WARNING * * *
You feel better. The gnoll sergeant closely misses you.
You fade into invisibility!
The gnoll sergeant closely misses you.
You are too injured to fight recklessly!
You are too injured to fight recklessly!
You are too injured to fight recklessly!
You are too injured to fight recklessly!
You scratch the gnoll sergeant.
The gnoll sergeant is lightly wounded.
The jackal zombie misses you. The gnoll sergeant barely misses you.
Unknown command.
You claw the gnoll sergeant!
The gnoll sergeant is heavily wounded.
The jackal zombie bites you but does no damage.
Uskayaw will force your foes to share their pain.
Unknown command.
There is an open door here.
You scratch the gnoll sergeant but do no damage.
You bite the gnoll sergeant, but do no damage.
The gnoll sergeant is heavily wounded.
The gnoll sergeant shouts!
The gnoll sergeant hits you with a +0 spear!
Ouch! That really hurt!
You die...

#_________.#
#_________.#
#_______...###########+
##########'##..........
#.?(.')))'.##......#..#
##########.##..........
#..).)..÷...'..........
#+#####Z#####......#..#
# #@..'.##.......... #.
#g..#.#####'#####+
#..#####.##.......#
#..'.g†#.##.......#
#ZgZ.g.'.##.......#
#Sg########...<...# #..
#.......# #. #.......#
## #.......#


You could see a gnoll sergeant (unable to see you) and a jackal zombie
(wandering, unable to see you).

Vanquished Creatures
  3 gnolls (D)
  An adder zombie (D)
  2 hobgoblins (D)
  2 jackals (D)
  A ball python (D)
  2 rats (D)
11 creatures vanquished.

Notes
Turn   | Place    | Note
-------+----------+-------------------------------------------
     0 | D        | Groucho the Felid Fighter began the quest for the Orb.
     0 | D        | Reached XP level 1. HP: 10/10 MP: 2/2
    35 | D        | Found a bloodstained altar of Trog.
    35 | D        | Found a shimmering blue altar of Sif Muna.
    35 | D        | Found a viscous altar of Jiyva.
    35 | D        | Found a hazy altar of Hepliaklqana.
    35 | D        | Found an opulent altar of Gozag.
    36 | D        | Found a glowing golden altar of the Shining One.
    36 | D        | Found a glowing silver altar of Zin.
    36 | D        | Found a basalt altar of Yredelemnul.
    36 | D        | Found a shimmering altar of Xom.
    36 | D        | Found an ornate altar of the Wu Jian Council.
    36 | D        | Found a sacrificial altar of Ru.
    36 | D        | Found a stormy altar of Qazlal.
    36 | D        | Found an iron altar of Okawaru.
    36 | D        | Found a sparkling altar of Nemelex Xobeh.
    36 | D        | Found a burning altar of Makhleb.
    36 | D        | Found a blossoming altar of Fedhas.
    36 | D        | Found a white marble altar of Elyvilon.
    36 | D        | Found a shadowy altar of Dithmenos.
    36 | D        | Found a snail-covered altar of Cheibriados.
    38 | D        | Found a radiant altar of Vehumet.
    38 | D        | Found a corrupted altar of Lugonu.
    39 | D        | Found a hide-covered altar of Uskayaw.
    39 | D        | Found an ancient bone altar of Kikubaaqudgha.
    39 | D        | Found a broken altar of Ashenzari.
    47 | D        | Became a worshipper of Uskayaw the Reveller
    70 | D        | Reached skill level 1 in Stealth
    70 | D        | Reached * piety under Uskayaw
    73 | D        | Reached skill level 1 in Invocations
   408 | D        | Reached ** piety under Uskayaw
   412 | D        | Noticed a gnoll sergeant
   436 | D        | Reached XP level 2. HP: 12/15 MP: 4/4
   441 | D        | Reached *** piety under Uskayaw
   443 | D        | Reached skill level 5 in Dodging
   443 | D        | Reached **** piety under Uskayaw
   447 | D        | Reached XP level 3. HP: 16/18 MP: 5/5
   455 | D        | Reached ***** piety under Uskayaw
   470 | D        | Slain by a gnoll sergeant

Illustrated notes

Levels and vault maps discovered:
D:        pitsprint [storerooms_1, entrance_room_1, metal_vault_1, armoury_1,
          mini_pit_1, grid_room_1, main_hall_1, silver_pit, the_coven_3,
          the_vestibule_1, steel_vault_1, golden_pit, hallway_of_sentries,
          crystal_vault_4, iron_vault_2, final_vault]

Skill      XL: |  1  2 |
---------------+-------+-----
Stealth        | 2 3 |  3.9
Invocations    | 1 2 |  2.6
Dodging        | 5 |  5.5
Fighting       | 4 |  4.1
Unarmed Combat | |  4.9

Action                   || total
-------------------------++-------
Melee: Unarmed           ||    31
       Bite              ||     3
       Punch             ||     2
  Use: Potion            ||     3
 Stab: Sleeping          ||     2
       Paralysed         ||     1
Armor: Skin              ||     2
Dodge: Dodged            ||    24
